cohdb
Replays
Latest Replays
All Replays
Popular Replays
Top Player Replays
Match Explorer
How It Works
Community
CoH3 Stats
Reddit
Sign in to upload your games and track your stats! →
Sign in with Steam
Match 41561301
Unlisted
Match 41561301
Overview
Messages
Build Orders
End
Scout Squad
Construct Barracks
Riflemen Squad
Riflemen Squad
Riflemen Squad
Grenade Package
Construct Medical Station
Mechanized Support Center
Construct Motor Pool
M24 Chaffee Light Tank
Selects Armored Battlegroup
Selects Strength in Steel
Selects Seek and Destroy
M1 Anti-tank Gun Team
Engineer Squad
Designate Forward Repair Station
M1918 Browning Automatic Rifles
M24 Chaffee Light Tank
Improvised Armor
Selects Veteran Crews
Selects M31 Recovery Vehicle
Seek and Destroy
Esxile
IRAN™
MrGiio98 YT
哎呀妈呀
0
0
Comments
sign in to comment!
No comments posted yet!